 Dungeon Crawl Stone Soup version 0.30-a0-553-g7fabdf1491 (webtiles) character file.

Game seed: 15204126484559548612

186 greasedhog the Trooper (level 5, -1/59 HPs)
             Began as an Ogre Fighter on Dec 26, 2022.
             Slain by a black bear (4 damage)
             ... on level 3 of the Dungeon.
             The game lasted 00:03:26 (3111 turns).

greasedhog the Trooper (Ogre Fighter)               Turns: 3111, Time: 00:03:27

Health: -1/59      AC:  3    Str: 22    XL:     5   Next: 66%
Magic:  5/5        EV:  9    Int:  9    God:
Gold:   165        SH:  7    Dex:  8    Spells: 4/4 levels left

rFire   . . .      SeeInvis .    a - +0 flail
rCold   . . .      Faith    .    c - +0 kite shield
rNeg    . . .      Spirit   .    b - +0 robe
rPois   .          Reflect  .    (helmet restricted)
rElec   .          Harm     .    (no cloak)
rCorr   +          Rampage  .    (gloves unavailable)
Will    .....                    (boots unavailable)
Stlth   +                        n - amulet of the acrobat
HPRegen 0.29/turn                m - ring of resist corrosion
MPRegen 0.09/turn                (no ring)

@: mighty
A: large, unfitting armour, tough skin 1
a: no special abilities


You were on level 3 of the Dungeon.
You visited 1 branch of the dungeon, and saw 4 of its levels.

You collected 178 gold pieces.
You spent 13 gold pieces at shops.

Inventory:

Hand Weapons
 a - a +0 flail (weapon)
Armour
 b - a +0 robe (worn)
 c - a +0 kite shield (worn)
Jewellery
 m - a ring of resist corrosion (left hand)
 n - an amulet of the acrobat (around neck)
Wands
 h - a wand of roots (4)
 p - a wand of digging (2)
Scrolls
 j - a scroll of amnesia {unknown}
 o - a scroll of magic mapping {unknown}
 r - a scroll of fog {unknown}
Potions
 d - 5 potions of might
 e - 2 potions of lignification {unknown}
 f - 3 potions of mutation
 g - 3 potions of cancellation {unknown}
 i - 2 potions of curing
 k - 2 potions of resistance {unknown}
 l - a potion of heal wounds {unknown}
 q - a potion of haste {unknown}
 s - a potion of magic {unknown}


   Skills:
 * Level 5.6 Fighting
 * Level 3.3 Maces & Flails
 * Level 3.9 Dodging
 - Level 3.0 Shields


You had 4 spell levels left.
You didn't know any spells.
Your spell library contained the following spells:

 Spells                   Type           Power      Damage    Failure   Level
 Gell's Gravitas          Tloc           0%         N/A       96%         3
 Lesser Beckoning         Tloc           0%         N/A       96%         3
 Teleport Other           Tloc           0%         N/A       96%         3


Dungeon Overview and Level Annotations

Branches:
Dungeon (4/15)
 Temple: D:4-7

Altars:
The Shining One

Shops:
D:1 (   D:3 !


Innate Abilities, Weirdness & Mutations

You are too large for most types of armour.
You have tough skin. (AC +1)


Message History

You hit the black bear.
The black bear is lightly wounded.
The black bear barely misses you. x2; The black bear claws you.
The black bear bites you but does no damage.
The black bear claws you but does no damage.
The black bear claws you.
You feel very mighty all of a sudden. The black bear barely misses you.
The black bear claws you. You block the black bear's attack.
You closely miss the black bear.
The black bear is lightly wounded.
The black bear bites you. The black bear claws you. x2
You thump the black bear!
The black bear is heavily wounded.
The black bear bites you!
* * * LOW HITPOINT WARNING * * *
The black bear claws you.
* * * LOW HITPOINT WARNING * * *
The black bear claws you.
* * * LOW HITPOINT WARNING * * *
The black bear bites you.
* * * LOW HITPOINT WARNING * * *
The black bear claws you but does no damage.
You block the black bear's attack.
You completely miss the black bear.
The black bear is heavily wounded.
You block the black bear's attack.
The black bear claws you but does no damage.
The black bear claws you.
* * * LOW HITPOINT WARNING * * *
You hit the black bear.
The black bear is heavily wounded.
The black bear bites you.
* * * LOW HITPOINT WARNING * * *
You block the black bear's attack. The black bear claws you.
* * * LOW HITPOINT WARNING * * *
You closely miss the black bear.
The black bear is heavily wounded.
You block the black bear's attack. The black bear claws you.
You die...

######.#.# ####.# #####.#
#.#.# ####....# #.# #.#.#
#.......# #.#
#.#.#######.......# #.#
######.................#
######.#
.........#######......"#
#......# ######.#.#
#.......# #.###### # #.#.#
#h......# #.# # #.#>#
#@......###.# ######.#.#
####........# ......#..#
#........#
####.###.##########........#
###.## ##.#.....)..........#
#.##.###.##.#######........#
.#....#..#.#.#### #........#
###..†....###...# #........#
# ##.#..##.#.##.# #####.##.#


You could see a black bear.

Vanquished Creatures
  An orc wizard (D:3)
  Robin (D:3)
  4 gnolls
  2 adders
  2 dart slugs (D:1)
  4 orcs (D:3)
  7 ball pythons
  5 endoplasms
  4 giant cockroaches
  15 goblins
  5 hobgoblins
  3 jackals (D:1)
  6 quokkas
  5 bats
  2 frilled lizards
  7 kobolds
  8 rats
81 creatures vanquished.

Notes
Turn   | Place    | Note
-------+----------+-------------------------------------------
     0 | D:1      | greasedhog the Ogre Fighter began the quest for the Orb.
     0 | D:1      | Reached XP level 1. HP: 24/24 MP: 1/1
   177 | D:1      | Reached XP level 2. HP: 28/32 MP: 2/2
   230 | D:1      | Found Qusiaggump's Weapon Shoppe.
   463 | D:1      | Reached XP level 3. HP: 25/40 MP: 3/3
   876 | D:1      | Found a faded altar of an unknown god.
  1418 | D:2      | Reached XP level 4. HP: 45/49 MP: 4/4
  1676 | D:3      | Found Zaoscha's Distillery.
  1705 | D:3      | Bought a potion of degeneration for 13 gold pieces
  1820 | D:3      | Reached skill level 5 in Fighting
  2259 | D:3      | Reached XP level 5. HP: 57/57 MP: 5/5
  2415 | D:3      | Noticed Robin
  2595 | D:3      | Killed Robin
  2653 | D:3      | Found a glowing golden altar of the Shining One.
  3080 | D:4      | Noticed a black bear
  3081 | D:4      | Noticed a phantom
  3111 | D:3      | Slain by a black bear

Illustrated notes

Levels and vault maps discovered:
D:1:      lemuel_arrival_muddy, layout_loops_corners,
          nicolae_ecumenical_snake_handling, serial_shops,
          nicolae_shop_window_shopping
D:2:      layout_basic
D:3:      layout_loops_ring, nicolae_tso_swordbearing_angel, serial_shops,
          nicolae_shop_temple_entry_statues_fountains, uniq_robin
D:4:      layout_cave_pools

Skill      XL: |  1  2  3  4 |
---------------+-------------+-----
Maces & Flails | 2 3 |  3.3
Dodging        | 3 |  3.9
Fighting       | 5 |  5.6
Shields        | |  3.0

Action                   |  1- 3 |  4- 6 || total
-------------------------+-------+-------++-------
Melee: Flail             |   123 |   115 ||   238
  Use: Scroll            |     1 |     5 ||     6
       Potion            |       |     1 ||     1
 Stab: Sleeping          |       |     1 ||     1
Armor: Robe              |    48 |    49 ||    97
Dodge: Dodged            |    56 |    54 ||   110
Block: Kite shield       |    51 |    59 ||   110

Table legend: (Time is in decaauts)
 A = Elapsed time spent in this place.
 B = Non-inter-level travel time spent in this place.
 C = Inter-level travel time spent in this place.
 D = Time resting spent in this place.
 E = Time spent auto-exploring this place.
 F = Levels seen in this place.
 G = Mean time per level.
                   A        B        C        D        E       F      G
               +--------+--------+--------+--------+--------+-----+--------+
         Total |   3211 |   3166 |     45 |    391 |   2104 |   4 |  802.8 |
       Dungeon |   3211 |   3166 |     45 |    391 |   2104 |   4 |  802.8 |
               +--------+--------+--------+--------+--------+-----+--------+

Top non-repeatable levels by time:
     D:1: 1171 daAuts
     D:3: 1001 daAuts
     D:2: 926 daAuts
     D:4: 112 daAuts
